 Dungeon Crawl Stone Soup version 0.30.0 (webtiles) character file.

Game seed: 7038538143302286901

13 Dani the Trooper (level 2, 24/24 HPs)
             Began as a Demonspawn Fighter on May 20, 2023.
             Was an Initiate of Yredelemnul.
             Quit the game on level 2 of the Dungeon.
             The game lasted 00:01:02 (720 turns).

Dani the Trooper (Demonspawn Fighter)                Turns: 720, Time: 00:01:02

Health: 24/24      AC:  6    Str: 16    XL:     2   Next: 24%
Magic:  2/2        EV:  8    Int:  9    God:    Yredelemnul [......]
Gold:   20         SH:  4    Dex: 12    Spells: 1/1 levels left

rFire   . . .        a - +1 war axe
rCold   . . .        c - +0 buckler
rNeg    . . .        b - +0 scale mail
rPois   .            (helmet restricted)
rElec   .            (no cloak)
rCorr   .            (no gloves)
SInv    .            (no boots)
Will    .....        (no amulet) Stlth
                     (no ring)
HPRegen 0.24/turn    (no ring)
MPRegen 0.08/turn

%: no passive effects
@: no status effects
A: antennae 1
a: Renounce Religion, Recall Undead Harvest


You were on level 2 of the Dungeon.
You worshipped Yredelemnul.
Yredelemnul was noncommittal.
You visited 1 branch of the dungeon, and saw 2 of its levels.

You collected 20 gold pieces.

Inventory:

Hand Weapons
 a - a +1 war axe (weapon)
Armour
 b - a +0 scale mail (worn)
 c - a +0 buckler (worn)
Scrolls
 R - 3 scrolls of identify {@r1}
Potions
 d - a potion of might
 e - a potion of degeneration {unknown}
 f - a potion of brilliance
 g - 2 potions of curing {unknown}


   Skills:
 - Level 3.0 Fighting
 + Level 2.7 Axes
 - Level 2.6 Armour
 - Level 2.6 Shields


You had one spell level left.
You didn't know any spells.
Your spell library was empty.

Dungeon Overview and Level Annotations

Branches:
Dungeon (2/15)

Altars:
Yredelemnul


Innate Abilities, Weirdness & Mutations

You have a pair of small antennae on your head.


Message History

Key pressed, stopping explore.
Key pressed, stopping explore.
Key pressed, stopping explore.
Key pressed, stopping explore.
Key pressed, stopping explore.
Key pressed, stopping explore.
Found 6 stones.
Key pressed, stopping explore.
h - a scroll labelled FOSCHA NEZUNO Done exploring.
Done exploring.
Done exploring.
Done exploring.
Done exploring.
Done exploring.
Done exploring.
Done exploring.
As you read the scroll labelled FOSCHA NEZUNO, it crumbles to dust.
You feel aware of your surroundings.
It was a scroll of magic mapping.
There is a stone staircase leading down here.
You climb downwards.
Found a dagger.
There is a stone staircase leading up here.
A ball python comes into view.
The ball python hisses angrily.
A ball python is nearby!
A ball python is nearby!
A ball python is nearby!
A kobold comes into view. It is wielding a +0 dagger.
The kobold shouts!
There are monsters nearby!
Found a stone staircase leading down.
There are monsters nearby!
You hit the ball python.
The ball python is severely wounded.
The ball python bites you but does no damage.
The ball python grabs you. The ball python constricts you.
You closely miss the ball python.
The ball python is severely wounded.
You block the ball python's attack. The ball python constricts you.
The ball python bites you but does no damage.
The ball python constricts you.
There are monsters nearby!
Unknown command.
You hit the ball python.
You kill the ball python!
A kobold is nearby!
Unknown command.
You barely miss the kobold. The kobold barely misses you.
A kobold is nearby!
You barely miss the kobold.
A kobold comes into view. It is wielding a +0 short sword.
The kobold hits you but does no damage. x2
Unknown command.
There are monsters nearby!
The kobold shouts!
You hit the kobold.
The kobold is severely wounded.
The kobold hits you but does no damage.
Unknown command.
There are monsters nearby!
You closely miss the kobold.
The kobold is severely wounded.
The kobold closely misses you.
There are monsters nearby!
You barely miss the kobold.
The kobold is severely wounded.
The kobold hits you with a +0 dagger.
There are monsters nearby!
You hit the kobold.
You kill the kobold!
A kobold is nearby!
The kobold hits you with a +0 short sword.
A kobold is nearby!
You hit the kobold but do no damage. The kobold barely misses you.
A kobold is nearby!
You slash the kobold!
You kill the kobold!
HP restored.
Key pressed, stopping explore.
No target in view!
No target in view!
Found a stone staircase leading up.
Key pressed, stopping explore.
Key pressed, stopping explore.
Found a faded altar of an unknown god.
R - 2 scrolls of identify {@r1} (gained 1)
R - 3 scrolls of identify {@r1} (gained 1) Key pressed, stopping explore.
Found a stone staircase leading down.
Unknown command.
You enter the shallow water.
Moving in this stuff is going to be slow.
There is a faded altar of an unknown god here.
This altar belongs to (a) Ashenzari, (b) Uskayaw or (c) Yredelemnul, but you can't tell which.
Press the corresponding letter to learn more about a god, or press enter to convert or escape to cancel.
Yredelemnul accepts your prayer! Yredelemnul welcomes you!
You can now reap souls.
You can now recall your undead harvest.
Are you sure you want to abandon this character and quit the game? (Confirm with "yes".)

##### ####.....
#........ ########
#.⌠~⌠P~~⌠
#......###.~......
#..........~.#### .
#......##..~.ZZ@# P.
####.####..~.####.~.
#.# ##..~PP....⌠.
##.# #...~⌠~.~~~..
#..###.#..........
.###.##...##..#####.
........#####..# #
....##########.###
.# .....
..........## ....


You could see a friendly bat zombie and a friendly adder zombie.

Vanquished Creatures
  2 endoplasms (D:1)
  A giant cockroach (D:1)
  A goblin (D:1)
  A quokka (D:1)
  A ball python (D:2)
  A bat (D:1)
  A frilled lizard (D:1)
  4 kobolds
  2 rats (D:1)
14 creatures vanquished.

Notes
Turn   | Place    | Note
-------+----------+-------------------------------------------
     0 | D:1      | Dani the Demonspawn Fighter began the quest for the Orb.
     0 | D:1      | Reached XP level 1. HP: 18/18 MP: 1/1
    82 | D:1      | Reached skill level 2 in Axes
   163 | D:1      | Gained mutation: You have a pair of small antennae on your
                  | head. [demonic ancestry]
   163 | D:1      | Reached XP level 2. HP: 24/24 MP: 2/2
   674 | D:2      | Found a faded altar of an unknown god.
   719 | D:2      | Prayed at the altar of an unknown god.
   719 | D:2      | Became a worshipper of Yredelemnul the Dark
   720 | D:2      | Quit the game

Illustrated notes

Levels and vault maps discovered:
D:1:      dpeg_arrival_arbitrary_b, layout_basic
D:2:      layout_rooms, shapermc_ecumenical_altar_acropolis, item_on_display_b

Skill      XL: |  1 |
---------------+----+-----
Axes           | 2 |  2.7
Fighting       | |  3.0
Armour         | |  2.6
Shields        | |  2.6

Action                     || total
---------------------------++-------
  Melee: War axe           ||    39
    Use: Scroll            ||     5
 Armour: Scale mail        ||    17
  Dodge: Dodged            ||    15
  Block: Buckler           ||     7

Levels and vault maps discovered:
D:1:      dpeg_arrival_arbitrary_b, layout_basic
D:2:      layout_rooms, shapermc_ecumenical_altar_acropolis, item_on_display_b

Table legend: (Time is in decaauts)
 A = Elapsed time spent in this place.
 B = Non-inter-level travel time spent in this place.
 C = Inter-level travel time spent in this place.
 D = Time resting spent in this place.
 E = Time spent auto-exploring this place.
 F = Levels seen in this place.
 G = Mean time per level.
                   A        B        C        D        E       F      G
               +--------+--------+--------+--------+--------+-----+--------+
         Total |    736 |    705 |     31 |      0 |    585 |   2 |  368.0 |
       Dungeon |    736 |    705 |     31 |      0 |    585 |   2 |  368.0 |
               +--------+--------+--------+--------+--------+-----+--------+

Top non-repeatable levels by time:
     D:1: 642 daAuts
     D:2: 94 daAuts

Table legend:
 A = Kills in this place as a percentage of kills in the entire game.
 B = Kills by you in this place as a percentage of kills by you in the entire game.
 C = Kills by friends in this place as a percentage of kills by friends in the entire game.
 D = Other kills in this place as a percentage of other kills in the entire game.
 E = Experience gained in this place as a percentage of experience gained in the entire game.
 F = Experience gained in this place divided by the number of levels of this place that you have seen.
                   A       B       C       D       E      F
               +-------+-------+-------+-------+-------+----------------------
         Total | 100.0 | 100.0 |   N/A |   N/A | 100.0 |   9.5
       Dungeon | 100.0 | 100.0 |   N/A |   N/A | 100.0 |   9.5
               +-------+-------+-------+-------+-------+----------------------
